 Dungeon Crawl Stone Soup version 0.29-a0-1065-g47a6bb87d6 (webtiles) character file.

Game seed: 9688442661532523510

109 themarg the Insei (level 4, -1/34 HPs)
             Began as a Gnoll Transmuter on Aug 18, 2022.
             Slain by a bullfrog (6 damage)
             ... on level 4 of the Dungeon.
             The game lasted 00:07:59 (3192 turns).

themarg the Insei (Gnoll Transmuter)                Turns: 3192, Time: 00:07:59

Health: -1/34      AC:  2    Str: 10    XL:     4   Next: 90%
Magic:  10/11      EV: 13    Int: 14    God:
Gold:   142        SH:  0    Dex: 12    Spells: 10/13 levels left

rFire   . . .      SeeInvis .   w - +1 hand axe (vamp)
rCold   . . .      Faith    .   (no shield)
rNeg    . . .      Spirit   .   a - +0 robe
rPois   .          Reflect  .   (helmet currently unavailable)
rElec   .          Harm     .   (no cloak)
rCorr   .          Rampage  .   (no gloves)
Will    .....                   (boots currently unavailable)
Stlth   ++........              (no amulet)
HPRegen 0.11/turn               (no ring)
MPRegen 0.12/turn               (no ring)

@: lethally poisoned (-1 -> -3), appendages
A: horns 2, talons 2, fangs 1, strong nose, distributed training
a: End Transformation


You were on level 4 of the Dungeon.
You had temporarily grown beastly horns and talons.
You visited 1 branch of the dungeon, and saw 4 of its levels.

You collected 142 gold pieces.

Inventory:

Hand Weapons
 e - a +0 hand axe
 w - a +1 vampiric hand axe (weapon)
Missiles
 k - 24 stones
Armour
 a - a +0 robe (worn)
 u - a +0 hat (melded)
Jewellery
 n - a ring of fire
Scrolls
 c - a scroll of immolation {unknown}
 d - 4 scrolls of teleportation {unknown}
 m - a scroll of torment {unknown}
 p - 2 scrolls of identify {unknown}
 s - a scroll of blinking {unknown}
 v - a scroll of fog {unknown}
Potions
 b - a potion of lignification
 f - 2 potions of might {unknown}
 g - a potion of ambrosia {unknown}
 h - 2 potions of brilliance {unknown}
 i - a potion of magic {unknown}
 j - a potion of curing
 l - 2 potions of mutation {unknown}
 o - a potion of haste {unknown}
 q - a potion of heal wounds {unknown}
 r - a potion of flight {unknown}
 t - a potion of attraction {unknown}


   Skills:
 + Level 2.9 Fighting
 + Level 1.3 Short Blades
 + Level 1.3 Long Blades
 + Level 1.3 Axes
 + Level 1.3 Maces & Flails
 + Level 1.3 Polearms
 + Level 1.3 Staves
 + Level 1.3 Ranged Weapons
 + Level 1.3 Throwing
 + Level 1.3 Armour
 + Level 4.7 Dodging
 + Level 1.3 Stealth
 + Level 1.3 Shields
 + Level 6.6 Unarmed Combat
 + Level 5.1 Spellcasting
 + Level 1.1 Conjurations
 + Level 1.1 Hexes
 + Level 1.1 Summonings
 + Level 1.1 Necromancy
 + Level 1.1 Translocations
 + Level 3.9 Transmutations
 + Level 1.1 Fire Magic
 + Level 1.1 Ice Magic
 + Level 1.1 Air Magic
 + Level 1.1 Earth Magic
 + Level 1.1 Poison Magic
 + Level 1.5 Invocations
 + Level 1.3 Evocations


You had 10 spell levels left.
You knew the following spells:

 Your Spells              Type           Power      Damage    Failure   Level
a - Beastly Appendage     Tmut           28%        N/A       3%          1
b - Wereblood             Tmut           14%        N/A       5%          2

Your spell library contained the following spells:

 Spells                   Type           Power      Damage    Failure   Level
 Spider Form              Tmut/Pois      10%        N/A       19%         3
 Confusing Touch          Hex            6%         N/A       32%         3
 Ice Form                 Ice/Tmut       10%        N/A       52%         4
 Yara's Violent Unravell  Hex/Tmut       5%         3d4       86%         5
 Enfeeble                 Hex            3%         N/A       100%        7


Dungeon Overview and Level Annotations

Branches:
Dungeon (4/15)             Temple (0/1) D:4

Altars:
Ashenzari
Ru
Vehumet
Yredelemnul


Innate Abilities, Weirdness & Mutations

You have temporarily grown beastly horns and talons.
You have very sharp teeth.
Your uncanny sense of smell can sniff out nearby items.
Your experience applies equally to all skills.


Message History

You are poisoned.
The adder poisons you!
You hit the adder.
You feel better.
The adder is moderately wounded.
You feel sick. The adder bites you.
You are more poisoned.
The adder poisons you! The dart slug launches a dart at you.
The slug dart hits you. The adder barely misses you.
You feel sick.
You feel sick.
You feel sick.
You feel sick. The adder barely misses you.
You closely miss the adder.
The adder is lightly wounded.
You feel sick. The adder closely misses you. The bullfrog barely misses you.
Casting: Beastly Appendage (safe; 3% risk of failure)
Confirm with . or Enter, or press ? or * to list all spells.
You grow a pair of large bovine horns.
Your feet morph into talons.
Your +0 hat melds into your body.
You feel sick. The adder completely misses you. The bullfrog misses you.
The adder bites you.
You are more poisoned.
The adder poisons you!
You closely miss the adder.
The adder is lightly wounded.
You closely miss the bullfrog.
You feel sick. The bullfrog hits you.
* * * LOW HITPOINT WARNING * * *
The adder closely misses you. The bullfrog closely misses you.
You hit the adder. You headbutt the adder.
The adder is almost dead.
You barely miss the bullfrog.
You feel sick. The bullfrog hits you.
* * * LOW HITPOINT WARNING * * *
The adder barely misses you. The bullfrog barely misses you.
The adder closely misses you.
You hit the adder. You bite the adder.
You kill the adder!
You hit the bullfrog.
You feel sick. The bullfrog misses you. The dart slug launches a dart at you.
The slug dart misses you. The bullfrog hits you.
You die...

#.#..........##...## # #
##.†...##.......##.
####...................
#....#...##....#.....#..
#.....#.#..#...##....#
#..#..#....#...........
#....##....#..##....###..
#.......>...........# #.
#....#..@.##.........
.#.#..F.#..#........ ..
#..#w#........
....##...#.......
.##..............
#..............
.....#..........
#...#.#..........
.................


You could see a bullfrog and a dart slug.

Vanquished Creatures
  A hound (D:4)
  An adder (D:4)
  An adder skeleton (D:2)
  A worm (D:3)
  4 dart slugs
  4 orcs (D:4)
  5 endoplasms
  A giant cockroach (D:1)
  A goblin (D:1)
  4 hobgoblins
  2 jackals (D:4)
  11 kobolds
  3 quokkas
  11 ball pythons
  4 bats
  4 frilled lizards
  A jackal zombie (D:2)
  A quokka zombie (D:2)
  4 rats
64 creatures vanquished.

Vanquished Creatures (others)
  19 fungi (D:3)
  2 withered plants (D:2)
21 creatures vanquished.

Grand Total: 85 creatures vanquished

Notes
Turn   | Place    | Note
-------+----------+-------------------------------------------
     0 | D:1      | themarg the Gnoll Transmuter began the quest for the Orb.
     0 | D:1      | Reached XP level 1. HP: 17/17 MP: 6/6
   208 | D:1      | Reached XP level 2. HP: 19/23 MP: 7/7
   257 | D:1      | Learned a level 2 spell: Wereblood
   987 | D:2      | Reached skill level 5 in Spellcasting
   987 | D:2      | Reached XP level 3. HP: 25/28 MP: 6/9
  1354 | D:2      | Reached skill level 1 in Invocations
  1914 | D:2      | Reached skill level 1 in Short Blades
  1914 | D:2      | Reached skill level 1 in Long Blades
  1914 | D:2      | Reached skill level 1 in Axes
  1914 | D:2      | Reached skill level 1 in Maces & Flails
  1914 | D:2      | Reached skill level 1 in Polearms
  1914 | D:2      | Reached skill level 1 in Staves
  1914 | D:2      | Reached skill level 1 in Ranged Weapons
  1914 | D:2      | Reached skill level 1 in Throwing
  1914 | D:2      | Reached skill level 1 in Armour
  1914 | D:2      | Reached skill level 1 in Stealth
  1914 | D:2      | Reached skill level 1 in Shields
  1914 | D:2      | Reached skill level 1 in Evocations
  2561 | D:3      | Found a broken altar of Ashenzari.
  2583 | D:3      | Reached XP level 4. HP: 26/34 MP: 8/11
  2782 | D:3      | Found a radiant altar of Vehumet.
  3051 | D:3      | Found a basalt altar of Yredelemnul.
  3120 | D:4      | Found a sacrificial altar of Ru.
  3130 | D:4      | Reached skill level 1 in Conjurations
  3130 | D:4      | Reached skill level 1 in Hexes
  3130 | D:4      | Reached skill level 1 in Summonings
  3130 | D:4      | Reached skill level 1 in Necromancy
  3130 | D:4      | Reached skill level 1 in Translocations
  3130 | D:4      | Reached skill level 1 in Fire Magic
  3130 | D:4      | Reached skill level 1 in Ice Magic
  3130 | D:4      | Reached skill level 1 in Air Magic
  3130 | D:4      | Reached skill level 1 in Earth Magic
  3130 | D:4      | Reached skill level 1 in Poison Magic
  3156 | D:4      | Found a staircase to the Ecumenical Temple.
  3178 | D:4      | Noticed a necrophage
  3180 | D:4      | Noticed a bullfrog
  3192 | D:4      | Slain by a bullfrog

Illustrated notes

Levels and vault maps discovered:
D:1:      heliophobic_arrival_enchanted_forest, layout_basic
D:2:      layout_basic, serial_undead, serial_undead_e, serial_undead_d,
          serial_undead_e, serial_undead_b, minmay_between
D:3:      layout_rooms, mainiacjoe_overflow_24_doors,
          mainiacjoe_overflow_catch_the_wave
D:4:      minmay_spotlight, layout_cave_pools, xom_redecorated,
          lemuel_crystal_altar, minmay_temple_entry_mini_moons, serial_shops,
          shop, uniq_sigmund

Skill      XL: |  1  2  3  4 |
---------------+-------------+-----
Spellcasting   | 5 |  5.1
Invocations    | 1 |  1.5
Short Blades   | 1 |  1.3
Long Blades    | 1 |  1.3
Axes           | 1 |  1.3
Maces & Flails | 1 |  1.3
Polearms       | 1 |  1.3
Staves         | 1 |  1.3
Ranged Weapons | 1 |  1.3
Throwing       | 1 |  1.3
Armour         | 1 |  1.3
Stealth        | 1 |  1.3
Shields        | 1 |  1.3
Evocations     | 1 |  1.3
Conjurations   | 1 |  1.1
Hexes          | 1 |  1.1
Summonings     | 1 |  1.1
Necromancy     | 1 |  1.1
Translocations | 1 |  1.1
Fire Magic     | 1 |  1.1
Ice Magic      | 1 |  1.1
Air Magic      | 1 |  1.1
Earth Magic    | 1 |  1.1
Poison Magic   | 1 |  1.1
Fighting       | |  2.9
Dodging        | |  4.7
Unarmed Combat | |  6.6
Transmutations | |  3.9

Action                   |  1- 3 |  4- 6 || total
-------------------------+-------+-------++-------
Melee: Hand axe          |   119 |    34 ||   153
       Unarmed           |     2 |       ||     2
       Kick              |    31 |     5 ||    36
       Headbutt          |    14 |     4 ||    18
       Punch             |     8 |       ||     8
       Bite              |     8 |     2 ||    10
 Cast: Beastly Appendage |    27 |     6 ||    33
       Wereblood         |     3 |     1 ||     4
 Stab: Sleeping          |     6 |       ||     6
Armor: Robe              |    18 |     2 ||    20
Dodge: Dodged            |    84 |    32 ||   116

Table legend: (Time is in decaauts)
 A = Elapsed time spent in this place.
 B = Non-inter-level travel time spent in this place.
 C = Inter-level travel time spent in this place.
 D = Time resting spent in this place.
 E = Time spent auto-exploring this place.
 F = Levels seen in this place.
 G = Mean time per level.
                   A        B        C        D        E       F      G
               +--------+--------+--------+--------+--------+-----+--------+
         Total |   3229 |   3167 |     62 |    674 |   1779 |   4 |  807.2 |
       Dungeon |   3229 |   3167 |     62 |    674 |   1779 |   4 |  807.2 |
               +--------+--------+--------+--------+--------+-----+--------+

Top non-repeatable levels by time:
     D:2: 1551 daAuts
     D:1: 991 daAuts
     D:3: 605 daAuts
     D:4: 81 daAuts
